Map: Jagannatha LE

Players

Rogue

  • Race: Zerg Zerg
  • Spawn Location: 1:00

seRRal - Winner!

  • Race: Zerg Zerg
  • Spawn Location: 7:00

Event: StayAtHome Story Cup #3

VOD

Have the link to the VOD?

Description

Time

  • Played on: March 14, 2021, 3:31 p.m.
  • Length: 4:07

All games in this series

Show
View Real Time Build Order
Export as new Build Order

Rogue Zerg 

Build Orders: Pool First 

Get SALT Encoding   

  12  0:17  Spawning Pool  
  11  0:22  Drone  
  11  0:26  Drone  
  13  0:30  Drone  
  14  0:39  Overlord  
  14  1:03  Zergling x4  
  16  1:05  Zergling x2  
  17  1:15  Hatchery  
  17  1:18  Zergling x2  
  17  1:22  Extractor  
  16  1:27  Zergling x2  
  17  1:37  Zergling x2  
  18  1:42  Queen  
  20  1:48  Zergling x2  
  21  2:00  Overlord  
  21  2:10  Zergling x2  
  22  2:21  Zergling x2  
  22  2:25  Metabolic Boost  
  22  2:29  Zergling x2  
  22  2:31  Zergling x2  
  23  2:43  Zergling x4  
  23  2:49  Zergling x2  
  23  2:55  Zergling x4  
  25  3:00  Zergling x2  
  25  3:01  Zergling x2  
  25  3:05  Zergling x2  
  28  3:10  Zergling x2  
  29  3:15  Zergling x2  
  29  3:18  Zergling x2  
  31  3:24  Zergling x2  
  32  3:29  Zergling x2  
  32  3:32  Zergling x2  
  34  3:36  Zergling x2  
  35  3:43  Overlord  
  33  3:49  Zergling x2  
Show
View Real Time Build Order
Export as new Build Order

seRRal Zerg - Winner!

Build Orders: Hatch First 

Get SALT Encoding   

  12  0:00  Drone  
  13  0:12  Overlord  
  13  0:17  Drone  
  14  0:30  Drone x2  
  16  0:48  Hatchery  
  15  0:51  Drone  
  15  0:54  Drone  
  17  0:57  Drone  
  18  1:04  Extractor  
  17  1:12  Spawning Pool  
  17  1:16  Drone  
  17  1:19  Drone  
  18  1:27  Drone  
  19  1:59  Queen  
  19  2:00  Zergling x8  
  19  2:01  Queen  
  25  2:05  Metabolic Boost  
  27  2:15  Zergling x2  
  25  2:25  Zergling x2  
  25  2:47  Overlord  
  25  2:48  Zergling x6  
  28  3:00  Overlord  
  28  3:06  Zergling x6  
  28  3:12  Zergling x4  
  33  3:17  Zergling x4  
  35  3:25  Zergling x4  
  37  3:34  Zergling x6  
  40  3:42  Zergling x4  
  40  3:47  Zergling x4  
Tags
 
Add a new tag
Caveats
  • Supply blocks, unpowered buildings, or Contaminate may cause inaccurate times.
  • Supply counts are checked every 10 seconds.